 Dungeon Crawl Stone Soup version 0.32-a0-768-g0f6f1dd4b9 (webtiles) character file.

Game seed: 10358160705136887604

593 ezpacito the Chopper (level 7, 0/54 HPs)
             Began as a Coglin Chaos Knight on Mar 18, 2024.
             Was a Plaything of Xom.
             Slain by a two-headed ogre
             ... wielding a +0 giant spiked club
              (7 damage)
             ... on level 5 of the Dungeon.
             The game lasted 00:04:42 (2811 turns).

ezpacito the Chopper (Coglin Chaos Knight)          Turns: 2811, Time: 00:04:43

Health: 0/54       AC: 12    Str: 14    XL:     7   Next: 39%
Magic:  9/9        EV:  6    Int: 11    God:    Xom [..*...]
Gold:   112        SH:  0    Dex: 14    Spells: 6/9 levels left

rFire   + + .        v - +0 double sword (holy) {Vicente}
rCold   + . .        a - +0 hand axe (chaos) {Yashnoor}
rNeg    . . .        p - +1 chain mail {rF+}
rPois   .            (no helmet)
rElec   .            g - scarf {rC+ rF+}
rCorr   .            w - +1 pair of gloves
SInv    .            (no boots)
Will    .....        (amulet unavailable) Stlth
                     (ring unavailable)
HPRegen 0.29/turn    (ring unavailable)
MPRegen 0.11/turn    (no gizmo)

%: no passive effects
@: silenced, revving
A: off-hand wielding, slow wielding, warmup strikes, no jewellery, MP-powered
wands, persistent drain
a: Invent Gizmo, Renounce Religion


You were on level 5 of the Dungeon.
You worshipped Xom.
You were a toy of Xom.
You visited 1 branch of the dungeon, and saw 5 of its levels.

You collected 162 gold pieces.
You spent 50 gold pieces at shops.

Inventory:

Hand Weapons
 a - a +0 hand axe of chaos (offhand) {Yashnoor}
 d - a +0 war axe
 e - a +0 spear {Somchit}
 v - a +0 double sword of holy wrath (weapon) {Vicente}
Missiles
 n - 14 poisoned darts (quivered)
 o - 5 javelins
Armour
 g - a scarf of resistance (worn)
 p - a +1 chain mail of fire resistance (worn)
 u - a +0 helmet
 w - a +1 pair of gloves (worn)
Wands
 i - a wand of polymorph (12)
Scrolls
 c - a scroll of butterflies
 k - 2 scrolls of enchant armour
 m - a scroll of fog {unknown}
 r - 2 scrolls of poison
 B - a scroll of blinking
Potions
 h - a potion of attraction {unknown}
 l - a potion of resistance {unknown}
 q - a potion of curing
 s - a potion of brilliance {unknown}
 t - a potion of magic {unknown}


   Skills:
 * Level 4.2 Fighting
 * Level 4.2(4.5) Axes
 + Level 1.8(3.1) Polearms
 * Level 3.2 Armour
 * Level 2.9 Dodging
 + Level 1.7 Stealth
 + Level 1.5 Spellcasting
 + Level 1.5 Summonings


You had 6 spell levels left.
You knew the following spells:

 Your Spells              Type           Power      Damage    Failure   Level
a - Summon Small Mammal   Summ           16%        N/A       95%         1
b - Ensorcelled Hibernat  Hex/Ice        0%         N/A       100%        2

Your spell library contained the following spells:

 Spells                   Type           Power      Damage    Failure   Level
 Apportation              Tloc           0%         N/A       99%         1
 Jinxbite                 Hex            0%         N/A       100%        2
 Call Canine Familiar     Summ           4%         N/A       100%        3
 Fugue of the Fallen      Necr           0%         N/A       100%        3
 Anguish                  Hex/Necr       0%         N/A       100%        4
 Summon Blazeheart Golem  Fire/Summ      2%         N/A       100%        4
 Vhi's Electric Charge    Tloc/Air       0%         N/A       100%        4
 Alistair's Intoxication  Alch           0%         N/A       100%        5
 Arcjolt                  Conj/Air       0%         1d10      100%        5
 Maxwell's Capacitive Co  Air            0%         ∞         100%        8


Dungeon Overview and Level Annotations

Branches:
Dungeon (5/15)
 Temple: D:4-7

Altars:
Dithmenos
Yredelemnul

Shops:
D:2 !   D:4 [


Innate Abilities, Weirdness & Mutations

You can wield a second weapon in your off-hand.
It takes a long time for you to wield or remove held weapons.
Your first few attacks do less damage.
You cannot equip rings or amulets.
You expend magic power (3 MP) to strengthen your wands.
Your health recovers twice as slowly from being drained.


Message History

It is a scroll of enchant armour.
Your +0 chain mail of fire resistance glows green for a moment.
Blink to where?
Press: ? - help, Dir - move target
Found a stone staircase leading up.
As you read the scroll labelled HIT ZUM ZUAHIU, it crumbles to dust.
It was a scroll of blinking.
B - a scroll of blinking
As you read the scroll labelled BUSICL YRIRIYS, it crumbles to dust.
You feel strangely unstable.
It was a scroll of teleportation.
As you read the scroll labelled ELITO RIPUSULE, it crumbles to dust.
A profound silence engulfs you.
It was a scroll of silence.
Magic scrolls do not work when you're silenced!
Your surroundings suddenly seem different.
A two-headed ogre comes into view.
It is wielding a +0 giant spiked club and a +0 giant club.
Xom makes a sudden noise!
You hear a hideous shriek!
You are now a toy of Xom.
You hit the two-headed ogre but do no damage.
You hit the two-headed ogre with your +0 double sword of holy wrath.
The two-headed ogre hits you with a +0 giant spiked club.
The two-headed ogre hits you with a +0 giant club!
You take 10 damage, and have 44/54 hp.
You completely miss the two-headed ogre with your +0 double sword of holy wrath.
The two-headed ogre is lightly wounded.
You hit the two-headed ogre but do no damage.
The two-headed ogre hits you with a +0 giant spiked club!!
The two-headed ogre hits you with a +0 giant club!
* * * LOW HITPOINT WARNING * * *
You take 34 damage, and have 10/54 hp.
MASSIVE DAMAGE!!
Okay, then.
Okay, then.
Magic scrolls do not work when you're silenced!
You feel better.
You regained 10 hp, and now have 20/54 hp.
You feel better.
The two-headed ogre hits you with a +0 giant spiked club!!
* * * LOW HITPOINT WARNING * * *
The two-headed ogre hits you with a +0 giant club!
You die...
Xom cackles wildly!

.# .. .# #. .#
##. ##.# ..
...## #. #...#
#.##.(.###
#........#
#O@......#
...........$..#
.:......#...###
#..####.#...#
#. #.##.## #
#.# ?# #.# .#
#.# .#


You could see a two-headed ogre.

Vanquished Creatures
  Blork the orc (D:4)
  A scorpion (D:4)
  2 hounds (D:4)
  2 human skeletons (D:3)
  3 orc priests (D:4)
  A jelly (D:4)
  Terence (D:2)
  3 orc wizards (D:4)
  4 adders
  A ribbon worm (D:3)
  12 orcs
  7 bats
  6 endoplasms
  3 giant cockroaches
  4 goblins
  12 hobgoblins
  6 jackals
  A quokka (D:1)
  6 ball pythons
  3 frilled lizards
  A goblin zombie (D:3)
  3 kobolds (D:2)
  5 rats
88 creatures vanquished.

Notes
Turn   | Place    | Note
-------+----------+-------------------------------------------
     0 | D:1      | ezpacito the Coglin Chaos Knight began the quest for the
                  | Orb.
     0 | D:1      | Reached XP level 1. HP: 18/18 MP: 1/1
   202 | D:1      | XOM: potion effect (haste)
   277 | D:1      | Reached skill level 1 in Dodging
   278 | D:1      | XOM: potion effect (berserk rage)
   300 | D:1      | Reached XP level 2. HP: 19/24 MP: 2/2
   721 | D:1      | XOM: divination: magic mapping
   885 | D:2      | XOM: silly message
   888 | D:2      | Reached XP level 3. HP: 29/29 MP: 3/3
   925 | D:2      | Found Beozos's Distillery.
   929 | D:2      | Bought a potion of heal wounds for 50 gold pieces
  1002 | D:2      | Noticed Terence
  1005 | D:2      | Found a shadowy altar of Dithmenos.
  1009 | D:2      | Killed Terence
  1010 | D:2      | Reached XP level 4. HP: 35/35 MP: 4/4
  1449 | D:3      | Learned a level 1 spell: Summon Small Mammal
  1452 | D:3      | Learned a level 2 spell: Ensorcelled Hibernation
  1464 | D:3      | Found a runed translucent door.
  1464 | D:3      | Noticed a human
  1477 | D:3      | Reached skill level 1 in Polearms
  1477 | D:3      | Reached skill level 1 in Stealth
  1511 | D:3      | Found a basalt altar of Yredelemnul.
  1520 | D:3      | Reached XP level 5. HP: 38/41 MP: 6/6
  2031 | D:4      | XOM: silly message
  2032 | D:4      | XOM: chaos cloud
  2035 | D:4      | XOM: torment (18/41 hp)
  2043 | D:4      | XOM: 1-stop teleportation journey
  2044 | D:4      | Reached skill level 1 in Spellcasting
  2044 | D:4      | Reached XP level 6. HP: 42/48 MP: 7/7
  2048 | D:4      | Reached skill level 1 in Summonings
  2116 | D:4      | Noticed Blork the orc
  2124 | D:4      | Killed Blork the orc
  2171 | D:4      | Reached XP level 7. HP: 38/54 MP: 8/8
  2519 | D:4      | Found Ipuf's Antique Armour Shoppe.
  2730 | D:4      | XOM: give mutations
  2730 | D:4      | Gained mutation: You have a beak for a mouth. [Xom's
                  | mischief]
  2730 | D:4      | Lost mutation: You have a beak for a mouth. [Xom's
                  | mischief]
  2730 | D:4      | Gained mutation: Your health recovers twice as slowly from
                  | being drained. [Xom's mischief]
  2730 | D:4      | Gained mutation: You expend magic power (3 MP) to
                  | strengthen your wands. [Xom's mischief]
  2797 | D:5      | Entered Level 5 of the Dungeon
  2804 | D:5      | Noticed a two-headed ogre
  2806 | D:5      | XOM: noise
  2811 | D:5      | Slain by a two-headed ogre

Illustrated notes

Levels and vault maps discovered:
D:1:      roderic_chinese_lattice_arrival, layout_loops_corners,
          minmay_misc_feat_rugged
D:2:      layout_basic, serial_shops, shop, basic_altar, uniq_terence
D:3:      minmay_octagon_keep, layout_basic, dk_yredelemnul_ordeal
D:4:      layout_basic, serial_shops, nicolae_shop_stone, uniq_blork_the_orc
D:5:      layout_loops_ring, zin_treasury, serial_glass, glass_columns_a,
          glass_columns_a, cheibrodos_sewer_entry_sluice,
          amcnicky_mini_pool_small, uniq_duvessa

Skill      XL: |  1  2  3  4  5  6 |
---------------+-------------------+-----
Dodging        | 1 2 |  2.9
Armour         | 2 3 |  3.2
Polearms       | 1 |  1.8
Stealth        | 1 |  1.7
Spellcasting   | 1 |  1.5
Summonings     | 1 |  1.5
Axes           | 4 |  4.2
Fighting       | 4 |  4.2

Action                     |  1- 3 |  4- 6 |  7- 9 || total
---------------------------+-------+-------+-------++-------
  Melee: Hand axe          |    44 |    92 |    24 ||   160
         Spear             |    45 |    69 |       ||   114
         Dagger            |     2 |       |       ||     2
         Double sword      |       |    34 |    26 ||    60
    Use: Potion            |       |     5 |     3 ||     8
         Scroll            |       |     4 |     4 ||     8
   Stab: Sleeping          |     1 |     1 |       ||     2
         Invisible         |       |       |     1 ||     1
 Armour: Leather armour    |    14 |       |       ||    14
         Chain mail        |       |   113 |    25 ||   138
  Dodge: Dodged            |    23 |    61 |     8 ||    92

Table legend: (Time is in decaauts)
 A = Elapsed time spent in this place.
 B = Non-inter-level travel time spent in this place.
 C = Inter-level travel time spent in this place.
 D = Time resting spent in this place.
 E = Time spent auto-exploring this place.
 F = Levels seen in this place.
 G = Mean time per level.
                   A        B        C        D        E       F      G
               +--------+--------+--------+--------+--------+-----+--------+
         Total |   2837 |   2697 |    140 |     48 |   2090 |   5 |  567.4 |
       Dungeon |   2837 |   2697 |    140 |     48 |   2090 |   5 |  567.4 |
               +--------+--------+--------+--------+--------+-----+--------+

Top non-repeatable levels by time:
     D:1: 832 daAuts
     D:4: 808 daAuts
     D:3: 676 daAuts
     D:2: 505 daAuts
     D:5: 14 daAuts
